2608 views
Uploaded 2021-09-04 17:05:53
Game version 1.32.10
28:37 long 1on1 ladder game on (2)TerenasStand_LV
Saved by aom
2608 views
Uploaded 2021-09-04 17:05:53
Game version 1.32.10
28:37 long 1on1 ladder game on (2)TerenasStand_LV

64 units @ 8.6k
/ 1.4k
21 buildings @ 3.5k
/ 1.7k


| Moonstone | 5 | 250 |
| Lesser Clarity Potion | 8 | 560 |
| Potion of Mana | 1 | 200 |
| total: | 14 | 1010g |
| Wisp | 34 | 2040 | / | 0 |
| Druid of the Talon | 7 | 1015 | / | 140 |
| Dryad | 2 | 290 | / | 120 |
| Druid of the Claw | 3 | 765 | / | 240 |
| Hippogryph | 5 | 800 | / | 100 |
| Mountain Giant | 5 | 1750 | / | 500 |
| Faerie Dragon | 2 | 310 | / | 50 |
| Chimaera | 2 | 660 | / | 140 |
| Goblin Zeppelin | 2 | 480 | / | 120 |
| Forest Troll Berserker | 1 | 245 | / | 30 |
| Forest Troll Shadow Priest | 1 | 195 | / | 10 |
| total: | 64 | 8550g | / | 1450w |
| Ancient Protector | 6 | 810 | / | 480 |
| Altar of Elders | 1 | 180 | / | 50 |
| Moon Well | 7 | 1260 | / | 280 |
| Ancient of Wonders | 1 | 90 | / | 30 |
| Hunter's Hall | 1 | 210 | / | 100 |
| Tree of Life | 1 | 340 | / | 185 |
| Ancient of War | 1 | 150 | / | 60 |
| Ancient of Wind | 1 | 150 | / | 140 |
| Ancient of Lore | 1 | 155 | / | 145 |
| Chimaera Roost | 1 | 140 | / | 190 |
| Tree of Ages | 1 | 320 | / | 180 |
| Tree of Eternity | 1 | 330 | / | 200 |
| total: | 21 | 3485g | / | 1660w |
| 0:02 | Wisp |
| 0:04 | Altar of Elders |
| 0:07 | Moon Well |
| 0:11 | Moon Well |
| 0:12 | Wisp |
| 0:30 | Wisp |
| 0:42 | Wisp |
| 0:53 | Wisp |
| 1:00 | Ancient of Wonders |
| 1:02 | Wisp |
| 1:11 | Wisp |
| 1:26 | Hunter's Hall |
| 1:41 | Wisp |
| 1:46 | Moon Well |
| 2:04 | Moonstone |
| 2:04 | Lesser Clarity Potion |
| 2:04 | Lesser Clarity Potion |
| 2:13 | Force of Nature |
| 2:27 | Wisp |
| 3:12 | Tree of Ages |
| 3:34 | Lesser Clarity Potion |
| 3:34 | Lesser Clarity Potion |
| 3:34 | Moonstone |
| 4:02 | Ancient Protector |
| 4:25 | Ancient Protector |
| 5:19 | Entangling Roots |
| 5:36 | Moonstone |
| 5:37 | Lesser Clarity Potion |
| 5:37 | Lesser Clarity Potion |
| 5:37 | Lesser Clarity Potion |
| 5:39 | Moon Well |
| 5:44 | Ancient of Wind |
| 5:49 | Ancient of Lore |
| 6:17 | Nature's Blessing |
| 6:21 | Moon Well |
| 6:23 | Ancient Protector |
| 7:02 | Druid of the Talon |
| 7:39 | Force of Nature |
| 7:49 | Druid of the Talon |
| 7:51 | Dryad |
| 8:05 | Wisp |
| 8:05 | Wisp |
| 8:38 | Druid of the Talon |
| 8:41 | Druid of the Claw Adept Training |
| 8:52 | Tree of Life |
| 9:41 | Druid of the Claw |
| 9:42 | Hippogryph |
| 9:59 | Wisp |
| 11:15 | Wisp |
| 11:15 | Wisp |
| 11:15 | Wisp |
| 11:15 | Wisp |
| 11:19 | Tree of Eternity |
| 11:22 | Druid of the Claw Master Training |
| 11:25 | Strength of the Wild |
| 11:32 | Wisp |
| 11:32 | Wisp |
| 11:51 | Druid of the Claw |
| 12:13 | Forest Troll Berserker |
| 12:15 | Forest Troll Shadow Priest |
| 12:24 | Wisp |
| 12:34 | Entangling Roots |
| 13:03 | Druid of the Talon |
| 13:05 | Improved Strength of the Wild |
| 13:07 | Mountain Giant |
| 14:47 | Druid of the Claw |
| 15:20 | Hippogryph |
| 15:22 | Druid of the Talon |
| 15:24 | Moonstone |
| 16:05 | Mountain Giant |
| 16:08 | Advanced Strength of the Wild |
| 16:15 | Moon Well |
| 16:25 | Wisp |
| 16:35 | Howl of Terror |
| 16:49 | Wisp |
| 16:49 | Wisp |
| 16:49 | Wisp |
| 18:04 | Force of Nature |
| 18:05 | Force of Nature |
| 18:05 | Force of Nature |
| 18:06 | Force of Nature |
| 18:06 | Force of Nature |
| 18:06 | Force of Nature |
| 18:26 | Dryad |
| 18:28 | Druid of the Talon |
| 18:29 | Reinforced Hides |
| 18:33 | Hardened Skin |
| 18:46 | Wisp |
| 18:46 | Wisp |
| 18:50 | Chimaera Roost |
| 18:57 | Faerie Dragon |
| 18:58 | Wisp |
| 18:58 | Wisp |
| 19:03 | Ancient of War |
| 19:07 | Ancient Protector |
| 19:09 | Ancient Protector |
| 19:10 | Wisp |
| 19:10 | Wisp |
| 19:18 | Abolish Magic |
| 19:24 | Moon Well |
| 19:28 | Faerie Dragon |
| 20:18 | Cleaving Attack |
| 20:54 | Mountain Giant |
| 20:56 | Improved Reinforced Hides |
| 21:00 | Chimaera |
| 21:04 | Moonstone |
| 21:06 | Potion of Mana |
| 21:08 | Lesser Clarity Potion |
| 21:24 | Druid of the Talon |
| 21:34 | Ancient Protector |
| 21:36 | Chimaera |
| 21:38 | Hippogryph |
| 22:09 | Mountain Giant |
| 22:24 | Goblin Zeppelin |
| 23:56 | Mountain Giant |
| 24:50 | Wisp |
| 24:51 | Wisp |
| 24:51 | Wisp |
| 25:14 | Wisp |
| 25:15 | Wisp |
| 25:18 | Hippogryph |
| 25:37 | Goblin Zeppelin |
| 25:54 | Hippogryph |
| Right click | 1405 |
| Select | 808 |
| Assign group | 367 |
| Misc. action | 259 |
| Select group | 211 |
| Build/train/purchase | 206 |
| Use ability | 77 |
| Minimap ping | 13 |
| Chat | 8 |
| Remove unit | 5 |
| Esc | 1 |
45 units @ 6.8k
/ 0.9k
19 buildings @ 3k
/ 1.1k


| Rod of Necromancy | 2 | 300 |
| Orb of Corruption | 1 | 375 |
| Scroll of Healing | 2 | 500 |
| Circlet of Nobility | 1 | 175 |
| Scroll of Protection | 1 | 150 |
| total: | 7 | 1500g |
| Acolyte | 17 | 1275 | / | 0 |
| Ghoul | 7 | 840 | / | 0 |
| Crypt Fiend | 7 | 1505 | / | 280 |
| Gargoyle | 2 | 350 | / | 60 |
| Abomination | 3 | 720 | / | 210 |
| Obsidian Statue | 3 | 600 | / | 105 |
| Goblin Shredder | 2 | 750 | / | 200 |
| Forest Troll Shadow Priest | 2 | 390 | / | 20 |
| Forest Troll Berserker | 1 | 245 | / | 30 |
| Mud Golem | 1 | 145 | / | 10 |
| total: | 45 | 6820g | / | 915w |
| Spirit Tower | 2 | 290 | / | 80 |
| Nerubian Tower | 2 | 200 | / | 40 |
| Altar of Darkness | 1 | 180 | / | 50 |
| Ziggurat | 7 | 1050 | / | 350 |
| Crypt | 1 | 200 | / | 50 |
| Tomb of Relics | 2 | 260 | / | 60 |
| Graveyard | 1 | 215 | / | 0 |
| Necropolis | 3 | 675 | / | 0 |
| Sacrificial Pit | 2 | 150 | / | 300 |
| Slaughterhouse | 2 | 280 | / | 270 |
| Halls of the Dead | 1 | 320 | / | 210 |
| Black Citadel | 1 | 325 | / | 230 |
| total: | 19 | 3010g | / | 1080w |
| 0:04 | Acolyte |
| 0:06 | Altar of Darkness |
| 0:09 | Ziggurat |
| 0:29 | Acolyte |
| 0:47 | Crypt |
| 1:09 | Tomb of Relics |
| 1:47 | Ghoul |
| 1:58 | Graveyard |
| 2:03 | Ghoul |
| 2:07 | Sleep |
| 2:13 | Rod of Necromancy |
| 2:38 | Ghoul |
| 2:38 | Ghoul |
| 2:39 | Cannibalize |
| 2:57 | Halls of the Dead |
| 3:47 | Circlet of Nobility |
| 4:01 | Vampiric Aura |
| 4:34 | Unholy Strength |
| 4:36 | Unholy Armor |
| 4:53 | Ziggurat |
| 5:46 | Vampiric Aura |
| 6:12 | Black Citadel |
| 6:17 | Sacrificial Pit |
| 7:02 | Improved Unholy Strength |
| 7:15 | Death Coil |
| 7:17 | Rod of Necromancy |
| 7:42 | Crypt Fiend |
| 7:46 | Ghoul |
| 8:26 | Goblin Shredder |
| 8:53 | Ghoul |
| 8:53 | Ghoul |
| 9:18 | Sleep |
| 9:55 | Ziggurat |
| 9:56 | Gargoyle |
| 10:14 | Gargoyle |
| 10:25 | Spirit Tower |
| 10:52 | Acolyte |
| 10:52 | Acolyte |
| 11:15 | Acolyte |
| 11:16 | Acolyte |
| 11:29 | Acolyte |
| 11:29 | Acolyte |
| 11:42 | Advanced Unholy Strength |
| 11:51 | Forest Troll Shadow Priest |
| 12:04 | Orb of Corruption |
| 12:24 | Unholy Aura |
| 12:39 | Slaughterhouse |
| 12:42 | Slaughterhouse |
| 12:49 | Ziggurat |
| 12:57 | Ghoul Frenzy |
| 12:57 | Web |
| 13:38 | Scroll of Healing |
| 14:44 | Vampiric Aura |
| 15:01 | Disease Cloud |
| 15:02 | Abomination |
| 15:04 | Crypt Fiend |
| 15:05 | Crypt Fiend |
| 15:12 | Death Coil |
| 15:27 | Acolyte |
| 15:29 | Ziggurat |
| 16:05 | Destroyer Form |
| 16:07 | Obsidian Statue |
| 16:10 | Crypt Fiend |
| 16:13 | Creature Carapace |
| 16:18 | Tomb of Relics |
| 16:19 | Ziggurat |
| 16:36 | Nerubian Tower |
| 17:03 | Abomination |
| 17:07 | Crypt Fiend |
| 18:34 | Unholy Aura |
| 18:38 | Spirit Tower |
| 18:41 | Necropolis |
| 18:52 | Creature Attack |
| 18:57 | Goblin Shredder |
| 19:18 | Forest Troll Shadow Priest |
| 19:19 | Forest Troll Berserker |
| 19:19 | Mud Golem |
| 20:47 | Inferno |
| 21:24 | Acolyte |
| 21:25 | Acolyte |
| 21:30 | Obsidian Statue |
| 21:31 | Abomination |
| 21:33 | Crypt Fiend |
| 21:33 | Crypt Fiend |
| 21:36 | Improved Creature Attack |
| 21:37 | Improved Creature Carapace |
| 22:06 | Necropolis |
| 22:10 | Acolyte |
| 22:14 | Acolyte |
| 22:15 | Acolyte |
| 22:32 | Scroll of Healing |
| 22:36 | Scroll of Protection |
| 23:36 | Death Coil |
| 24:56 | Ziggurat |
| 25:07 | Sacrificial Pit |
| 25:14 | Advanced Creature Attack |
| 25:19 | Necropolis |
| 25:46 | Sleep |
| 25:53 | Acolyte |
| 25:53 | Acolyte |
| 25:54 | Acolyte |
| 26:07 | Nerubian Tower |
| 27:37 | Unholy Aura |
| 27:58 | Obsidian Statue |
| Select group | 1558 |
| Select | 811 |
| Right click | 680 |
| Misc. action | 205 |
| Build/train/purchase | 107 |
| Use ability | 73 |
| Assign group | 46 |
| Chat | 21 |
| Item give/drop | 2 |
| Remove unit | 1 |
โ